Map: New Repugnancy LE

Players

Destro

  • Race: Terran Terran
  • League: Diamond
  • Spawn Location: 7:00

Andacht - Winner!

  • Race: Terran Terran
  • League: Diamond
  • Spawn Location: 1:00

VOD

Have the link to the VOD?

Description

terraaaaaaaan

Time

  • Played on: March 23, 2019, 4:55 p.m.
  • Length: 11:45
Show
View Real Time Build Order
Export as new Build Order

Destro Terran 

Build Orders: 1/1/1 

Get SALT Encoding   

  12  0:01  SCV  
  13  0:13  SCV  
  14  0:18  Supply Depot  
  14  0:25  SCV  
  15  0:29  Refinery  
  15  0:40  SCV  
  16  0:47  Barracks  
  16  0:56  SCV  
  17  1:00  Refinery  
  17  1:08  SCV  
  18  1:17  Supply Depot  
  18  1:20  SCV  
  19  1:34  Factory  
  20  1:45  SCV  
  20  1:47  Reaper  
  21  1:57  SCV  
  22  2:09  SCV  
  23  2:17  Supply Depot  
  23  2:18  Factory Tech Lab, Starport  
  23  2:26  Marine  
  24  2:33  SCV  
  25  2:44  Marine  
  26  3:07  Fusion Core  
  26  3:08  Starport Tech Lab  
  26  3:09  Barracks Reactor  
  26  3:19  Orbital Command  
  25  3:21  Siege Tank  
  28  3:35  Marine  
  29  3:52  SCV, Marine  
  31  4:00  Battlecruiser  
  37  4:09  SCV  
  38  4:11  Supply Depot  
  38  4:13  Supply Depot  
  38  4:23  Weapon Refit  
  38  4:32  Marine  
  39  4:42  SCV  
  39  4:44  Supply Depot  
  40  4:49  Siege Tank  
  43  4:55  Barracks Reactor  
  37  5:42  Command Center  
  37  5:57  Command Center  
  37  6:03  Barracks  
  37  6:09  Battlecruiser  
  43  6:27  Stimpack, Marine  
  44  6:45  SCV  
  45  6:48  Supply Depot  
  45  6:51  Engineering Bay  
  45  6:57  SCV  
  46  7:09  SCV, Marine x3  
  46  7:13  Orbital Command  
  50  7:24  Missile Turret  
  50  7:25  Factory Tech Lab  
  50  7:26  Medivac  
  52  7:30  Orbital Command  
  52  7:37  Missile Turret  
  52  7:45  SCV  
  52  7:46  SCV  
  52  7:48  Marine x3  
  57  7:56  Medivac  
  57  7:57  SCV  
  63  7:58  Siege Tank  
  63  8:11  SCV x2  
  63  8:12  SCV  
  66  8:13  Marine x3  
  69  8:22  Starport  
  69  8:23  SCV  
  69  8:24  SCV x2  
  69  8:25  Terran Infantry Weapons Level 1  
  72  8:30  Marine  
  61  8:48  Siege Tank  
  55  8:57  SCV  
  55  8:58  SCV x2  
  55  9:00  Refinery  
  58  9:03  Refinery x2  
  58  9:04  Starport Reactor  
  58  9:05  Combat Shield, Marine x3  
  61  9:11  Barracks  
  61  9:14  Barracks  
  61  9:15  Barracks  
  61  9:17  Supply Depot  
  61  9:19  SCV  
  61  9:20  SCV x2  
  64  9:27  Missile Turret  
  64  9:30  Marine x2  
  64  9:31  Marine  
  67  9:32  Missile Turret, SCV  
  67  9:35  Starport Tech Lab  
  67  9:36  Missile Turret  
  67  9:37  Medivac  
  69  9:48  SCV x2, Marine x3  
  74  10:02  Battlecruiser  
  74  10:03  Barracks Reactor x2  
  74  10:06  SCV x3, Marine x3  
  86  10:11  Supply Depot  
  86  10:24  Marine x2  
  86  10:25  Marine  
  86  10:27  Concussive Shells  
  89  10:33  SCV x2  
  89  10:34  SCV  
  92  10:37  Refinery  
  92  10:42  Marine x2  
  94  10:43  Marine  
  94  10:44  Marine x2  
  94  10:45  SCV, Marine x2  
  94  10:46  SCV  
  101  10:50  Siege Tank  
  101  10:51  Barracks Tech Lab  
  104  10:59  Marine x2  
  104  11:02  Medivac  
  104  11:03  Marine x4  
  112  11:06  Medivac  
Show
View Real Time Build Order
Export as new Build Order

Andacht Terran - Winner!

Build Orders: Cyclone Opening 

Get SALT Encoding   

  12  0:01  SCV  
  13  0:13  SCV  
  14  0:20  Supply Depot  
  14  0:26  SCV  
  15  0:32  Refinery  
  15  0:42  SCV  
  16  0:46  Barracks  
  16  0:54  SCV  
  17  1:02  Refinery  
  17  1:06  SCV  
  18  1:18  SCV  
  19  1:30  SCV  
  20  1:36  Factory  
  20  1:41  Reaper  
  20  1:46  Orbital Command  
  21  2:12  SCV  
  21  2:13  Reaper  
  23  2:16  Supply Depot  
  23  2:20  Factory Tech Lab  
  23  2:36  Command Center  
  23  2:38  SCV  
  23  2:43  Cyclone  
  27  2:52  SCV  
  28  3:03  Reaper  
  27  3:07  Supply Depot  
  27  3:08  Barracks  
  27  3:20  Cyclone  
  27  3:21  SCV  
  31  3:28  Supply Depot  
  31  3:35  SCV  
  31  3:36  Barracks Reactor  
  32  3:47  SCV  
  33  3:57  Marine  
  33  3:59  SCV  
  33  4:01  Starport  
  35  4:03  Hellion  
  35  4:04  Orbital Command  
  36  4:11  SCV  
  36  4:14  Marine x2  
  36  4:15  Marine  
  40  4:23  SCV  
  41  4:25  Siege Tank  
  44  4:31  SCV  
  44  4:37  Marine x3  
  48  4:38  Starport Tech Lab  
  48  4:43  Engineering Bay  
  48  4:46  SCV  
  49  4:53  Supply Depot  
  49  4:54  Refinery, SCV  
  49  4:55  Marine  
  49  4:56  Refinery, Marine  
  49  4:58  SCV  
  53  5:03  Raven  
  53  5:06  SCV  
  56  5:11  Marine  
  56  5:12  SCV  
  49  5:42  Cyclone  
  52  5:43  SCV  
  52  5:44  Barracks Reactor  
  52  5:49  Marine x2  
  55  5:57  SCV  
  55  6:00  Starport Reactor  
  56  6:05  Barracks x2  
  56  6:07  SCV, Marine  
  56  6:09  Mag-Field Accelerator  
  58  6:11  SCV  
  58  6:14  Marine  
  60  6:20  Cyclone  
  60  6:22  Marine  
  60  6:24  SCV  
  65  6:26  Marine  
  66  6:33  Marine  
  66  6:34  Marine  
  66  6:37  Viking  
  66  6:39  SCV  
  71  6:42  Marine  
  71  6:44  Terran Infantry Weapons Level 1  
  72  6:48  SCV  
  72  6:54  Stimpack  
  73  6:56  Cyclone  
  73  6:58  Marine  
  75  7:01  Marine  
  75  7:02  Marine  
  77  7:08  Supply Depot, Barracks Tech Lab  
  77  7:20  Supply Depot  
  77  7:23  Marine  
  77  7:29  Marine  
  78  7:30  Viking  
  78  7:31  Marine x3  
  78  7:35  Medivac  
  86  7:41  SCV, Marine  
  88  7:49  Marine  
  88  7:50  Supply Depot  
  89  7:57  Marine x2  
  91  8:00  Viking  
  91  8:01  Siege Tank  
  91  8:03  Concussive Shells  
  96  8:06  SCV  
  96  8:08  Medivac  
  99  8:16  Missile Turret  
  99  8:20  Marine  
  99  8:24  Missile Turret, Marine x2  
  102  8:28  Supply Depot  
  83  8:50  Marine  
  83  8:51  Marine x4  
  83  8:52  Siege Tank, Viking  
  83  8:53  SCV  
  93  8:56  Medivac  
  93  9:01  Combat Shield  
  93  9:02  SCV  
  96  9:08  Marauder  
  98  9:13  SCV  
  99  9:32  SCV  
  99  9:33  Marine x2  
  99  9:38  Command Center  
  99  9:59  Marine x2  
  96  10:01  Marine x2  
  98  10:10  Viking x2  
  98  10:12  Factory  
  98  10:13  Factory  
  102  10:18  SCV  
  102  10:20  Armory  
  103  10:22  Armory  
  103  10:23  Marine x3  
  106  10:31  Command Center  
  106  10:32  SCV  
  107  10:43  Marine x3  
  110  10:53  Planetary Fortress  
  110  10:55  Factory, SCV  
  111  10:58  SCV  
  111  10:59  Factory  
  111  11:01  Marauder, Marine  
  115  11:08  Marine x2  
Tags
 
Add a new tag
Caveats
  • Supply blocks, unpowered buildings, or Contaminate may cause inaccurate times.
  • Supply counts are checked every 10 seconds.